 Dungeon Crawl Stone Soup version 0.16-a0-321-g9a421ca (webtiles) character file.

4386 Erbbu the Jinx (level 10, -4/50 HPs)
             Began as a Deep Elf Enchanter on Sept 2, 2014.
             Splashed by a brown ugly thing's acid (13 damage)
             ... on Level 9 of the Dungeon.
             The game lasted 01:26:53 (13950 turns).

Erbbu the Jinx (Deep Elf Enchanter)                Turns: 13950, Time: 01:26:53

HP  -4/50        AC  4     Str  5      XL: 10   Next: 13%
MP  11/31        EV 20     Int 30      God:
Gold 305         SH  0     Dex 19      Spells:  4 memorised, 17 levels left

rFire  . . .     SeeInvis .     a - +2 dagger
rCold  . . .     Clarity  .     b - +2 robe
rNeg   . . .     rCorr    .     (no shield)
rPois  .         rRot     .     (no helmet)
rElec  .         Spirit   .     (no cloak)
SustAb .         Warding  .     (no gloves)
rMut   .         Stasis   .     (no boots)
Gourm  +                        i - amulet of the gourmand
MR     +....                    l - +4 ring of dexterity
                                o - +6 ring of intelligence

@: hasted, very quick, somewhat resistant to hostile enchantments, fairly
stealthy
A: hooves 1
a: no special abilities


You were on level 9 of the Dungeon.
You were very full.

You visited 2 branches of the dungeon, and saw 10 of its levels.

You collected 305 gold pieces.

Inventory:

Hand weapons
 a - a +2 dagger (weapon)
 q - a +2 dagger of flaming
 G - a +0 dagger of venom
Missiles
 g - 15 stones (quivered)
Armour
 b - a +2 robe (worn)
 f - a +2 pair of gloves of strength
 p - a cursed +0 pair of gloves
 u - a +0 pair of boots
Magical devices
 v - a wand of frost (6)
 x - a wand of magic darts (14)
 y - a wand of fire (0)
 L - a wand of teleportation (3)
 M - a wand of digging (13)
Comestibles
 j - 3 meat rations
 n - 5 bread rations
 z - 3 fruits
 A - a royal jelly
 H - a slice of pizza
 R - a rotting chunk of adder flesh
Scrolls
 d - 3 scrolls of recharging
 t - 3 scrolls of magic mapping
 w - 2 scrolls of fog
 E - a scroll of fear
 F - 2 scrolls of remove curse
 P - a scroll of identify
Jewellery
 i - an amulet of the gourmand (around neck)
 k - an uncursed ring of protection from cold
 l - a +4 ring of dexterity (right hand)
 m - an uncursed amulet of the gourmand
 o - a +6 ring of intelligence (left hand)
 s - an uncursed ring of protection from fire {unknown}
 B - a cursed ring of teleportation {unknown}
 C - an uncursed amulet of stasis {unknown}
 O - an uncursed ring of fire {unknown}
Potions
 h - 2 potions of cancellation
 I - a potion of degeneration
 T - a potion of restore abilities {unknown}
Books
 c - a book of Maledictions

   Spells                             Type                      Level
   *Corona                            Hexes                        1
   Sure Blade                         Hexes/Charms                 2
   Ensorcelled Hibernation            Hexes/Ice                    2
   *Confuse                           Hexes                        3
   *Dazzling Spray                    Conjuration/Hexes            3
   *Enslavement                       Hexes                        4
 D - a book of Spatial Translocations

   Spells                             Type                      Level
   Apportation                        Translocation                1
   Blink                              Translocation                2
   Shroud of Golubria                 Charms/Translocation         2
   Portal Projectile                  Translocation                3
   Teleport Other                     Translocation                3
   Passage of Golubria                Translocation                4
 J - a book of Wizardry

   Spells                             Type                      Level
   Agony                              Necromancy                   5
   Force Lance                        Conjuration                  5
   Dispersal                          Translocation                6
   Haste                              Charms                       6
   Invisibility                       Hexes                        6
   Spellforged Servitor               Conjuration/Summoning        7
Magical staves
 e - an uncursed staff of death


   Skills:
 - Level 1.0 Short Blades
 + Level 9.3 Dodging
 - Level 4.2 Stealth
 + Level 9.9 Spellcasting
 + Level 8.0 Conjurations
 + Level 10.3 Hexes


You had 17 spell levels left.
You knew the following spells:

 Your Spells              Type           Power        Failure   Level  Hunger
a - Corona                Hex            ######.      1%          1    None
b - Confuse               Hex            ######..     1%          3    None
c - Dazzling Spray        Conj/Hex       ######..     1%          3    None
d - Enslavement           Hex            ######..     1%          4    None


Dungeon Overview and Level Annotations

Branches:
Dungeon (9/15)             Temple (1/1) D:7             Orc (0/4) D:9
   Lair (0/8) D:8

Altars:
Ashenzari
Cheibriados
Dithmenos
Elyvilon
Fedhas
Gozag
Kikubaaqudgha
Makhleb
Nemelex Xobeh
Okawaru
Qazlal
Trog
Vehumet
Xom
Yredelemnul
Zin
The Shining One

Annotations:
D:4 Prince Ribbit
D:7 Edmund; Poody's ghost, experienced MfGl


Innate Abilities, Weirdness & Mutations

You have large cloven feet.


Message History

Things that are here:
a dagger; a big kobold corpse You start butchering the big kobold corpse.
You continue butchering the corpse. x3
You finish butchering the big kobold corpse.
Things that are here:
a dagger; 2 chunks of big kobold flesh; a big kobold skeleton You hit the brown ugly thing but do no damage.
You kick the brown ugly thing, but do no damage.
The brown ugly thing engulfs you!
You are splashed with acid!
The acid burns!
* * * LOW HITPOINT WARNING * * *
Read which item? (? for menu, Esc to quit)
Okay, then.
Drink which item? (? for menu, Esc to quit)
You feel better. The brown ugly thing misses you.
Drink which item? (? for menu, Esc to quit)
You feel yourself speed up. The brown ugly thing engulfs you!
* * * LOW HITPOINT WARNING * * *
You are splashed with acid!
The acid burns!
You die...

. ###.......# #.< #.###
#...##### ### #.... #...#
# .#....### #...# #
.........# #...# #
.......)(####...####### #
......................###
####...())(..............
#...u@..%(.[..........
#...######(..#####.###
#... #)..# #.### #.##
#...# #.##. ...
#######...## #.##. .##
#..≈#......# #....
#.(≈#.#....####....
##.≈#........##.##.
#≈.≈#.###.###.#.##.


You could see a brown ugly thing.

Vanquished Creatures
  The ghost of casual the Shield-Bearer, an experienced TrFi of Cheibriados (D:4)
  2 orc warriors
  2 trolls
  Eustachio (D:9)
  3 hippogriffs
  A water moccasin (D:9)
  A black bear (D:9)
  2 ogres
  2 phantoms
  2 ice beasts (D:8)
  A sky beast (D:9)
  6 big kobolds
  5 giant frogs
  A yaktaur zombie (D:9)
  Blork the orc (D:7)
  A wyvern zombie (D:7)
  A scorpion (D:4)
  6 hounds
  A jelly (D:9)
  2 goliath beetles
  4 orc wizards
  A centaur skeleton (D:7)
  3 crimson imps
  2 iguanas
  A quasit (D:7)
  4 orc priests
  4 worker ants
  Jessica (D:2)
  A crocodile zombie (D:7)
  An ogre skeleton (D:8)
  An orc zombie (D:8)
  12 adders
  4 shadow imps
  2 worms
  An adder skeleton (D:8)
  5 giant geckos
  2 oozes
  23 orcs
  17 bats
  A bat zombie (D:7)
  9 hobgoblins
  10 jackals
  2 quokkas
  A ball python (D:3)
  11 giant cockroaches
  5 giant newts
  9 goblins
  25 kobolds
  3 kobold zombies (D:9)
  11 rats
  A spectral orc (D:9)
  A ballistomycete (D:6)
220 creatures vanquished.

Vanquished Creatures (collateral kills)
  A merfolk (D:8)
  A deep elf mage (D:9)
  The ghost of lennard the Sneak, an average SpAs (D:3)
  Menkaure (D:6)
  An ice beast (D:9)
  A black bear (D:9)
  An orc warrior (D:6)
  An ogre (D:5)
  A giant frog (D:9)
  A big kobold (D:8)
  A scorpion (D:5)
  A centaur zombie (D:7)
  2 hounds
  4 orc priests
  2 orc wizards
  An adder (D:9)
  A giant mite (D:2)
  An adder skeleton (D:6)
  A giant gecko (D:6)
  8 orcs
  A hobgoblin (D:6)
  3 jackals
  12 kobolds
  A bat (D:7)
  A giant spore (D:6)
  A goblin (D:6)
  A kobold zombie (D:6)
52 creatures vanquished.

Vanquished Creatures (others)
  A big kobold (D:8)
  An orc (D:6)
  A giant spore (D:9)
3 creatures vanquished.

Grand Total: 275 creatures vanquished

Notes
Turn   | Place    | Note
--------------------------------------------------------------
     0 | D:1      | Erbbu, the Deep Elf Enchanter, began the quest for the Orb.
     0 | D:1      | Reached XP level 1. HP: 10/10 MP: 5/5
   222 | D:1      | Reached XP level 2. HP: 12/15 MP: 6/8
  1253 | D:2      | Reached XP level 3. HP: 16/19 MP: 11/11
  1266 | D:2      | Learned a level 3 spell: Confuse
  1270 | D:2      | Learned a level 3 spell: Dazzling Spray
  1412 | D:2      | Found an ancient bone altar of Kikubaaqudgha.
  1467 | D:2      | Reached XP level 4. HP: 15/24 MP: 10/14
  1713 | D:3      | Reached skill level 1 in Conjurations
  1823 | D:3      | Reached skill level 5 in Hexes
  1974 | D:4      | Noticed Prince Ribbit
  2464 | D:3      | Reached XP level 5. HP: 28/28 MP: 12/17
  2476 | D:3      | Learned a level 4 spell: Enslavement
  2609 | D:3      | Noticed lennard's ghost (average SpAs)
  2908 | D:2      | Noticed Jessica
  3038 | D:2      | Killed Jessica
  4218 | D:3      | Noticed an orc warrior
  4239 | D:3      | Killed lennard's ghost
  4239 | D:3      | Reached XP level 6. HP: 32/32 MP: 17/20
  4588 | D:3      | Killed an orc warrior
  4588 | D:3      | Reached skill level 5 in Dodging
  4588 | D:3      | Reached skill level 5 in Spellcasting
  4588 | D:3      | Reached skill level 6 in Hexes
  4588 | D:3      | Reached XP level 7. HP: 36/36 MP: 3/23
  5681 | D:4      | Found a stormy altar of Qazlal.
  5682 | D:4      | Noticed an air elemental
  5682 | D:4      | Noticed a water elemental
  5682 | D:4      | Noticed a fire elemental
  5740 | D:4      | Noticed casual's ghost (experienced TrFi)
  6950 | D:4      | Killed casual's ghost
  6950 | D:4      | Reached skill level 7 in Hexes
  7041 | D:5      | Entered Level 5 of the Dungeon
  7430 | D:5      | Gained mutation: You have large cloven feet. [potion of beneficial mutation]
  7587 | D:5      | Reached XP level 8. HP: 39/41 MP: 21/25
  7964 | D:7      | Found a staircase to the Ecumenical Temple.
  7982 | Temple   | Entered the Ecumenical Temple
  8361 | D:7      | Reached skill level 5 in Conjurations
  8829 | D:7      | Reached skill level 8 in Hexes
  8922 | D:7      | Noticed Blork the orc
  8930 | D:7      | Killed Blork the orc
  9126 | D:6      | Noticed a troll
  9145 | D:6      | Noticed Menkaure
  9211 | D:7      | Noticed Poody's ghost (experienced MfGl)
  9225 | D:6      | Killed Menkaure
  9607 | D:6      | Identified a scroll of acquirement
  9630 | D:6      | Killed a troll
  9630 | D:6      | Reached XP level 9. HP: 45/45 MP: 8/28
 10264 | D:7      | Noticed Edmund
 10731 | D:7      | Found a burning altar of Makhleb.
 10731 | D:7      | Noticed a balrug
 10812 | D:8      | Found a staircase to the Lair.
 10845 | D:8      | Reached skill level 9 in Hexes
 10969 | D:8      | Found a radiant altar of Vehumet.
 12924 | D:9      | Reached skill level 10 in Hexes
 13051 | D:9      | Noticed Eustachio
 13051 | D:9      | Noticed a brown ugly thing
 13065 | D:9      | Reached XP level 10. HP: 33/50 MP: 17/31
 13089 | D:9      | Eustachio (ally) was killed
 13089 | D:9      | Your ally died
 13240 | D:9      | Found a staircase to the Orcish Mines.
 13338 | D:9      | Found a basalt altar of Yredelemnul.
 13950 | D:9      | Splashed by a brown ugly thing's acid

Action                   |  1- 3 |  4- 6 |  7- 9 | 10-12 || total
-------------------------+-------+-------+-------+-------++-------
Melee: Dagger            |   144 |   124 |   269 |     3 ||   540
Throw: Stone             |     2 |     1 |       |       ||     3
 Cast: Corona            |    21 |    24 |    26 |       ||    71
       Dazzling Spray    |     2 |    36 |   159 |    35 ||   232
       Confuse           |     1 |    18 |    49 |     4 ||    72
       Enslavement       |       |    10 |    71 |     5 ||    86
Evoke: Wand              |       |       |    11 |       ||    11
  Use: Potion            |     4 |     5 |     5 |     2 ||    16
       Scroll            |     2 |     2 |    16 |       ||    20
 Stab: Sleeping          |     8 |     6 |     1 |       ||    15
       Invisible         |     2 |     3 |     7 |       ||    12
       Confused          |     1 |     9 |    25 |     1 ||    36
  Eat: Chunk             |     2 |     3 |    33 |     2 ||    40
       Bread ration      |       |     3 |       |       ||     3
       Royal jelly       |       |       |     3 |       ||     3
       Pizza             |       |       |     1 |       ||     1
       Beef jerky        |       |       |     1 |       ||     1
